 Dungeon Crawl Stone Soup version 0.18.1-50-g88ac8fd (webtiles) character file.

191 DaminKnight the Grave Robber (level 5, -2/36 HPs)
             Began as a Demonspawn Necromancer on Sept 20, 2016.
             Killed by divine providence
             ... invoked by an orc priest
              (10 damage)
             ... on level 3 of the Dungeon.
             The game lasted 00:35:14 (3019 turns).

DaminKnight the Grave Robber (DsNe)                 Turns: 3019, Time: 00:35:14

Health: -2/36      AC:  1    Str:  8    XL:     5   Next: 42%
Magic:  1/10       EV: 12    Int: 17    God:
Gold:   129        SH:  0    Dex: 14    Spells: 4 memorised, 2 levels left

rFire  + . .     SeeInvis .     i - +0 dagger (venom)
rCold  . . .     Gourm    .     o - +2 robe {rF+}
rNeg   . . .     Faith    +     (no shield)
rPois  .         Spirit   .     (helmet restricted)
rElec  .         Dismiss  .     (no cloak)
rCorr  .         Reflect  .     (no gloves)
SustAt .         Harm     .     (no boots)
MR     .....                    n - amulet of faith
Stlth  ++........               (no ring)
                                h - -3 ring of protection (curse)

@: not resistant to hostile enchantments, unstealthy
A: antennae 1, spiny 2
a: no special abilities


You were on level 3 of the Dungeon.
You were hungry.

You visited 1 branch of the dungeon, and saw 3 of its levels.

You collected 129 gold pieces.

Inventory:

Hand Weapons
 i - a +0 dagger of venom (weapon)
Armour
 a - a +1 robe
 d - a +0 scale mail of poison resistance
 o - a +2 robe of fire resistance (worn)
Jewellery
 h - a cursed -3 ring of protection (left hand)
 n - an amulet of faith (around neck)
Scrolls
 g - 3 scrolls of enchant weapon
 m - a scroll of teleportation
 p - a scroll of identify
Potions
 e - a potion of curing
 k - a potion of lignification
 l - a potion of cure mutation {unknown}
Books
 b - a book of Necromancy

   Spells                             Type                      Level
   a - Pain                           Necromancy                   1
   b - Animate Skeleton               Necromancy                   1
   c - Vampiric Draining              Necromancy                   3
   d - Regeneration                   Charms/Necromancy            3
   e - Animate Dead                   Necromancy                   4
   f - Control Undead                 Necromancy                   4
Comestibles
 c - 2 bread rations
 f - 3 chunks of flesh
 j - a meat ration


   Skills:
 + Level 0.6 Fighting
 + Level 2.1 Dodging
 + Level 2.0 Stealth
 + Level 3.6 Spellcasting
 + Level 5.9 Necromancy


You had 2 spell levels left.
You knew the following spells:

 Your Spells              Type           Power        Failure   Level  Hunger
a - Pain                  Necr           ###.         1%          1    None
b - Animate Skeleton      Necr           N/A          1%          1    None
c - Animate Dead          Necr           N/A          17%         4    ####...
d - Regeneration          Chrm/Necr      ##........   17%         3    ###....


Dungeon Overview and Level Annotations

Branches:
Dungeon (3/15)

Altars:


Innate Abilities, Weirdness & Mutations

You have a pair of small antennae on your head.
You are mostly covered in sharp spines.


Message History

Confirm with . or Enter, or press ? or * to list all spells.
Aiming: Pain
Press: ? - help, Shift-Dir - straight line, f/p - orc priest
Aim: an orc priest, wielding a club (lightly wounded, chance to defeat MR: 83%)
The orc priest convulses in agony!
You hit the orc priest but do no damage.
The orc priest is poisoned.
The orc priest is moderately wounded.
The orc priest completely misses you.
The orc priest miscasts a cantrip.
The orc priest looks more healthy.
The orc priest hits you with a club!
* * * LOW HITPOINT WARNING * * *
You closely miss the orc priest.
The orc priest is severely wounded.
The orc priest hits you with a club.
* * * LOW HITPOINT WARNING * * *
The orc priest invokes the aid of Beogh against you.
Beogh smites you!
You die...

[...[..## ****,,,,..#* *
######..# ***##..,* *
##.###### #..*,******
#......# #.#*,,,,,**
######.## ##.#*****,,, #..#
###..#######..
##)######.......))...#
########..............######
#..........@.o....###.# *
###.........######### #.# *
# ##...#######..## ### *
###..###### ##<.##
(....(....# ##..#
..#######.#### ##.# ###
#....####.# #
####......##############
######..............##


You could see an orc priest.

Vanquished Creatures
  Jessica (D:3)
  Ijyb (D:2)
  2 orc wizards (D:3)
  An adder (D:3)
  2 worms (D:3)
  A dart slug (D:2)
  2 giant geckos
  6 orcs (D:3)
  5 giant cockroaches
  8 goblins
  8 hobgoblins
  6 jackals (D:1)
  8 bats
  2 giant newts (D:1)
  6 kobolds
  5 rats
64 creatures vanquished.

Vanquished Creatures (collateral kills)
  A jackal (D:1)
1 creature vanquished.

Grand Total: 65 creatures vanquished

Notes
Turn   | Place    | Note
--------------------------------------------------------------
     0 | D:1      | DaminKnight the Demonspawn Necromancer began the quest for the Orb.
     0 | D:1      | Reached XP level 1. HP: 13/13 MP: 3/3
     2 | D:1      | Learned a level 1 spell: Animate Skeleton
   613 | D:1      | Gained mutation: You are partially covered in sharp spines. [demonic ancestry]
   613 | D:1      | Reached XP level 2. HP: 18/19 MP: 1/5
  1330 | D:1      | Gained mutation: You are mostly covered in sharp spines. [demonic ancestry]
  1330 | D:1      | Reached XP level 3. HP: 24/24 MP: 4/6
  1341 | D:1      | Reached skill level 5 in Necromancy
  1835 | D:2      | Noticed Ijyb
  1843 | D:2      | Killed Ijyb
  1843 | D:2      | Reached XP level 4. HP: 21/31 MP: 4/8
  2517 | D:3      | Noticed Jessica
  2521 | D:3      | Killed Jessica
  2696 | D:3      | Gained mutation: You have a pair of small antennae on your head. [demonic ancestry]
  2696 | D:3      | Reached XP level 5. HP: 30/36 MP: 2/10
  2828 | D:3      | Learned a level 4 spell: Animate Dead
  2832 | D:3      | Learned a level 3 spell: Regeneration
  3019 | D:3      | Killed from afar by an orc priest

Skill      XL: |  1  2  3  4 |
---------------+-------------+-----
Dodging        | 2 |  2.1
Necromancy     | 5 |  5.9
Spellcasting   | 3 |  3.6
Stealth        | 2 |  2.0
Fighting       | |  0.6

Action                   |  1- 3 |  4- 6 || total
-------------------------+-------+-------++-------
Melee: Dagger            |     8 |     4 ||    12
 Cast: Pain              |    53 |    42 ||    95
       Animate Skeleton  |     3 |     1 ||     4
       Animate Dead      |       |     2 ||     2
  Use: Scroll            |     2 |     8 ||    10
  Eat: Chunk             |     3 |     2 ||     5
       Pizza             |       |     1 ||     1
Armor: Robe              |     4 |       ||     4
Dodge: Dodged            |    11 |     4 ||    15
